 Dungeon Crawl Stone Soup version 0.30-a0-956-gcec3b41aec (webtiles) character file.

Game seed: 17013485989183895041

367 Dirtsage the Chopper (level 6, 0/47 HPs)
             Began as a Demonspawn Fighter on Mar 29, 2023.
             Splashed by a jelly's acid (7 damage)
             ... in a sewer.
             The game lasted 00:05:22 (2744 turns).

Dirtsage the Chopper (Demonspawn Fighter)           Turns: 2744, Time: 00:05:23

Health: 0/47       AC:  2    Str: 18    XL:     6   Next: 41%
Magic:  6/6        EV:  9    Int:  9    God:
Gold:   129        SH:  4    Dex: 13    Spells: 5/5 levels left

rFire   . . .      SeeInvis .    a - +0 war axe
rCold   . . .      Faith    .    c - +0 buckler
rNeg    . . .      Spirit   .    b - +0 scale mail
rPois   .          Reflect  .    (helmet unavailable)
rElec   .          Rampage  .    A - +0 cloak
rCorr   .                        (no gloves)
Will    .....                    s - +2 pair of boots of Puquas {Stlth+}
Stlth   +                        (no amulet)
HPRegen 0.27/turn                (no ring)
MPRegen 0.10/turn                (no ring)

@: corroded, very slow
A: horns 3, foul stench 1
a: no special abilities


You were in a sewer.
You visited 1 branch of the dungeon, and saw 4 of its levels.
You also visited: Sewer.

You collected 129 gold pieces.

Inventory:

Hand Weapons
 a - a +0 war axe (weapon)
Armour
 b - a +0 scale mail (worn)
 c - a +0 buckler (worn)
 s - the +2 pair of boots of Puquas (worn) {Stlth+}
   (You found it on level 2 of the Dungeon)

   Stlth:     It makes you more stealthy.
 A - a +0 cloak (worn)
Magical Staves
 j - a staff of conjuration
 r - a staff of earth
Wands
 B - a wand of flame (10)
Scrolls
 f - 2 scrolls of noise {unknown}
 g - a scroll of immolation {unknown}
 k - a scroll of blinking {unknown}
 l - a scroll of vulnerability {unknown}
 m - 2 scrolls of teleportation {unknown}
 o - 2 scrolls of enchant weapon {unknown}
 p - a scroll of poison {unknown}
 u - a scroll of identify {unknown}
 v - a scroll of torment {unknown}
 x - 2 scrolls of enchant armour {unknown}
 y - a scroll of brand weapon {unknown}
Potions
 d - 2 potions of might
 e - a potion of flight {unknown}
 h - 2 potions of brilliance {unknown}
 i - a potion of heal wounds {unknown}
 n - a potion of curing {unknown}
 q - a potion of berserk rage {unknown}
 t - a potion of mutation {unknown}
 w - a potion of lignification {unknown}
Miscellaneous
 z - a tin of tremorstones (2/2)


   Skills:
 - Level 3.0 Fighting
 + Level 6.3 Axes
 - Level 2.6 Armour
 - Level 2.6 Shields


You had 5 spell levels left.
You didn't know any spells.
Your spell library contained the following spells:

 Spells                   Type           Power      Damage    Failure   Level
 Cigotuvi's Dreadful Rot  Necr/Pois/Air  0%         N/A       95%         2
 Poisonous Vapours        Pois/Air       0%         N/A       95%         2
 Mephitic Cloud           Conj/Pois/Air  0%         N/A       99%         3


Dungeon Overview and Level Annotations

Branches:
Dungeon (4/15)              Sewer (1/1)
 Temple: D:4-7

Altars:
Ashenzari

Shops:
D:1 (


Innate Abilities, Weirdness & Mutations

You have a pair of large horns on your head.
You may rarely emit foul miasma when damaged in melee.


Message History

The jelly is severely wounded.
The jelly hits you.
You are splashed with acid!
You take 12 damage, and have 27/47 hp.
MASSIVE DAMAGE!!
You are too injured to fight recklessly!
You are too injured to fight recklessly!
You are too injured to fight recklessly!
You are too injured to fight recklessly!
You are too injured to fight recklessly!
A jelly is nearby!
Your unstable footing causes you to fumble your attack.
The jelly barely misses you.
You hit the jelly.
Your hands burn!
The jelly is severely wounded.
The jelly jiggles.
The jelly hits you.
You are splashed with acid!
* * * LOW HITPOINT WARNING * * *
You take 15 damage, and have 13/47 hp.
MASSIVE DAMAGE!!
Your unstable footing causes you to fumble your attack.
The jelly closely misses you. You block the jelly's attack.
Your unstable footing causes you to fumble your attack.
You block the jelly's attack.
You hit the jelly but do no damage.
Your hands burn!
* * * LOW HITPOINT WARNING * * *
The jelly is severely wounded.
The jelly hits you but does no damage.
You take 2 damage, and have 11/47 hp.
You hit the jelly but do no damage.
Your hands burn!
* * * LOW HITPOINT WARNING * * *
Your headbutt misses the jelly.
The jelly is severely wounded.
The jelly barely misses you.
You take 4 damage, and have 7/47 hp.
You barely miss the jelly. You headbutt the jelly.
The jelly is almost dead.
The jelly hits you but does no damage.
Your unstable footing causes you to fumble your attack.
You block the jelly's attack. The jelly hits you.
* * * LOW HITPOINT WARNING * * *
You are splashed with acid!
You die...

.~.# ~..~# #...
##### ###~.#
##.J~##
..#~.~##.@.~.#
~~~.~~#~..#...#
#.~..~.~~## .~#
.~~~~~..## ##
.~##..~†#
##~..~.##
#~....~~##
~.~~##~.~.###
~~~# ##....~##


You could see a jelly.

Vanquished Creatures
  Sigmund (D:3)
  Crazy Yiuf (D:3)
  Robin (D:3)
  A gnoll (D:3)
  2 adders
  3 river rats (Sewer)
  A worm (Sewer)
  3 dart slugs
  3 orcs (D:3)
  12 endoplasms
  8 giant cockroaches
  16 goblins
  6 hobgoblins
  6 jackals
  3 quokkas
  6 ball pythons
  2 bats (D:2)
  7 frilled lizards
  4 kobolds
  6 rats
92 creatures vanquished.

Notes
Turn   | Place    | Note
-------+----------+-------------------------------------------
     0 | D:1      | Dirtsage the Demonspawn Fighter began the quest for the
                  | Orb.
     0 | D:1      | Reached XP level 1. HP: 18/18 MP: 1/1
   152 | D:1      | Reached skill level 2 in Axes
   328 | D:1      | Gained mutation: You have a pair of small horns on your
                  | head. [demonic ancestry]
   328 | D:1      | Reached XP level 2. HP: 24/24 MP: 2/2
   379 | D:1      | Found Sugekol's Antique Weapon Shoppe.
   972 | D:2      | Reached skill level 3 in Axes
  1099 | D:2      | Reached XP level 3. HP: 24/29 MP: 3/3
  1163 | D:2      | Identified the +2 pair of boots of Puquas {Stlth+}
  1560 | D:3      | Noticed Sigmund
  1565 | D:3      | Killed Sigmund
  1566 | D:3      | Reached skill level 5 in Axes
  1566 | D:3      | Gained mutation: You have a pair of horns on your head.
                  | [demonic ancestry]
  1566 | D:3      | Reached XP level 4. HP: 24/35 MP: 4/4
  1566 | D:3      | Gained mutation: You have a pair of large horns on your
                  | head. [demonic ancestry]
  1566 | D:3      | Reached XP level 5. HP: 28/41 MP: 5/5
  1678 | D:3      | Noticed Robin
  1687 | D:3      | Killed Robin
  1792 | D:3      | Found a runed translucent door.
  1793 | D:3      | Noticed Crazy Yiuf
  2162 | D:3      | Gained mutation: You may rarely emit foul miasma when
                  | damaged in melee. [demonic ancestry]
  2162 | D:3      | Reached XP level 6. HP: 47/47 MP: 6/6
  2370 | D:3      | Killed Crazy Yiuf
  2457 | D:3      | Identified the +1 hammer "Uhuor" {antimagic, rF++}
  2508 | D:4      | Found a broken altar of Ashenzari.
  2516 | D:4      | Reached skill level 6 in Axes
  2542 | D:4      | Found a glowing drain.
  2558 | Sewer    | Entered a sewer
  2744 | Sewer    | Splashed by a jelly's acid

Illustrated notes

Levels and vault maps discovered:
D:1:      onia_arrival_mini_spirals, layout_basic, serial_shops, shop,
          serial_corexii_hall, corexii_hall_statues_u, corexii_hall_statues_x,
          corexii_hall_statues_i, corexii_hall_statues_l,
          corexii_hall_statues_x, chequers_hall_statues_y
D:2:      layout_rooms, lightli_corner_chamber
D:3:      minmay_octagon_keep, layout_loops_ring, uniq_crazy_yiuf_cottage,
          uniq_sigmund, uniq_robin
D:4:      layout_loops_corners, lemuel_round_altar,
          nicolae_qazlal_style_of_elements, worldfamousw_hep_ancestral_shrine,
          portal_sewer_entry_d, uniq_blork_the_orc
Sewer:    sewer_hellmonk_slimy_pipes

Skill      XL: |  1  2  3  4  5  6 |
---------------+-------------------+-----
Axes           | 2 3 5 6 |  6.3
Fighting       | |  3.0
Armour         | |  2.6
Shields        | |  2.6

Action                     |  1- 3 |  4- 6 || total
---------------------------+-------+-------++-------
  Melee: War axe           |    87 |   133 ||   220
         Headbutt          |     5 |    22 ||    27
    Use: Potion            |     1 |       ||     1
   Stab: Sleeping          |     1 |       ||     1
 Armour: Scale mail        |    42 |    58 ||   100
  Dodge: Dodged            |    33 |    48 ||    81
  Block: Buckler           |    24 |    35 ||    59

Table legend: (Time is in decaauts)
 A = Elapsed time spent in this place.
 B = Non-inter-level travel time spent in this place.
 C = Inter-level travel time spent in this place.
 D = Time resting spent in this place.
 E = Time spent auto-exploring this place.
 F = Levels seen in this place.
 G = Mean time per level.
                   A        B        C        D        E       F      G
               +--------+--------+--------+--------+--------+-----+--------+
         Total |   2820 |   2723 |     97 |      0 |   2178 |   5 |  564.0 |
       Dungeon |   2620 |   2523 |     97 |      0 |   2063 |   4 |  655.0 |
         Sewer |    200 |    200 |      0 |      0 |    115 |   1 |  200.0 |
               +--------+--------+--------+--------+--------+-----+--------+

Top non-repeatable levels by time:
     D:3: 1090 daAuts
     D:1: 963 daAuts
     D:2: 486 daAuts
   Sewer: 200 daAuts
     D:4: 80 daAuts
